 Dungeon Crawl Stone Soup version 0.29.1-1-gd02db6906a (webtiles) character file.

Game seed: 7141062381618501148

71411 videwesjr the Severer (level 14, -1/127 HPs)
             Began as a Minotaur Berserker on Sept 28, 2022.
             Was a High Priest of Trog.
             Slain by an ettin zombie (8 damage)
             ... in the Vestibule of Hell.
             The game lasted 00:41:24 (14741 turns).

videwesjr the Severer (Minotaur Berserker)         Turns: 14741, Time: 00:41:24

Health: -1/127     AC: 15    Str: 24    XL:     14   Next: 97%
Magic:  13/13      EV: 17    Int:  4    God:    Trog [*****.]
Gold:   1493       SH: 21    Dex: 14    Spells: 13/13 levels left

rFire   + . .      SeeInvis +   C - +14 obsidian axe {vorpal, Mesm Drain Fly SInv}
rCold   . . .      Faith    .   w - +2 tower shield
rNeg    . . .      Spirit   .   n - +3 scale mail
rPois   .          Reflect  .   R - +0 hat {Will+}
rElec   +          Harm     .   Q - +0 cloak
rCorr   .          Rampage  .   X - +2 pair of gloves "Guschu Goan" {rElec Str-3 Dex+4}
Will    ++++.                   (no boots)
Stlth   ++........              G - amulet of regeneration
HPRegen 2.11/turn               S - ring of protection from fire
MPRegen 0.13/turn               a - +4 ring of evasion

@: lethally poisoned (-1 -> -2), strong-willed, flying, mesmerised, regenerating
A: horns 2, retaliatory headbutt
a: Renounce Religion, Berserk, Trog's Hand, Brothers in Arms


You were in the Vestibule of Hell.
You worshipped Trog.
Trog was extremely pleased with you.
You visited 3 branches of the dungeon, and saw 17 of its levels.

You collected 1493 gold pieces.

Inventory:

Hand Weapons
 j - a +0 broad axe of electrocution
 u - a +2 battleaxe
 C - the +14 obsidian axe (weapon) {vorpal, Mesm Drain Fly SInv}
   (You acquired it on level 6 of the Dungeon)

   It inflicts extra damage upon your enemies.
   It occasionally summons demons to assist the wielder when it strikes in
   combat.
   Its wielder is mesmerised by any visible foes.
   It cannot be unequipped while any foes are visible.
   SInv:      It lets you see invisible.
   Fly:       It grants you flight.
   Drain:     It drains your maximum health when unequipped.
 K - a +1 broad axe of flaming
Missiles
 c - 51 poisoned darts (quivered)
 l - 3 throwing nets
 m - 2 curare-tipped darts
 x - 9 boomerangs
 H - 6 javelins
Armour
 n - a +3 scale mail (worn)
 w - a +2 tower shield (worn)
 L - +0 steam dragon scales
 Q - a +0 cloak (worn)
 R - a +0 hat of willpower (worn)
 X - the +2 pair of gloves "Guschu Goan" (worn) {rElec Str-3 Dex+4}
   (You found it on level 1 of the Lair of Beasts)

   Str:       It affects your strength (-3).
   Dex:       It affects your dexterity (+4).
   rElec:     It insulates you from electricity.
Jewellery
 a - a +4 ring of evasion (right hand)
 d - a ring of positive energy
 e - a ring of ice
 t - a ring of positive energy
 z - a ring of poison resistance
 G - an amulet of regeneration (around neck)
 S - a ring of protection from fire (left hand)
Wands
 i - a wand of digging (6)
 k - a wand of mindburst (12)
 p - a wand of roots (17)
 I - a wand of acid (8)
 J - a wand of flame (44)
 P - a wand of paralysis (5)
 U - a wand of polymorph (8)
Scrolls
 f - 3 scrolls of identify
 g - 5 scrolls of teleportation
 o - 2 scrolls of fear
 s - a scroll of blinking
 y - 5 scrolls of enchant weapon
 A - 3 scrolls of magic mapping
 V - a scroll of brand weapon
 W - 3 scrolls of fog
Potions
 b - 6 potions of berserk rage
 h - 3 potions of heal wounds
 q - 11 potions of curing
 r - 5 potions of lignification
 v - 4 potions of haste
 B - a potion of flight
 D - a potion of resistance {unknown}
 E - 2 potions of attraction
 F - a potion of cancellation
 N - 4 potions of mutation
 O - 2 potions of might
Miscellaneous
 M - a condenser vane


   Skills:
 + Level 12.5 Fighting
 + Level 19.7 Axes
 + Level 1.0 Throwing
 + Level 7.2 Armour
 * Level 10.2 Dodging
 + Level 5.7 Stealth
 * Level 16.0 Shields


You had 13 spell levels left.
You didn't know any spells.
Your spell library was empty.

Dungeon Overview and Level Annotations

Branches:
Dungeon (11/15)            Temple (0/1) D:7            Lair (5/5) D:11
  Swamp (0/4) Lair:2       Spider (0/4) Lair:3        Slime (0/5) Lair:5
   Hell (1/1)
    Orc: D:9-12         Dis: Hell:1         Geh: Hell:1         Coc: Hell:1
    Tar: Hell:1

Altars:
Elyvilon
Makhleb
Nemelex Xobeh
Okawaru
Uskayaw
Jiyva

Portals:
Hell: Lair:5

Annotations:
D:4 3 runed translucent doors, safid's ghost, amateur MiHu
Hell Geryon


Innate Abilities, Weirdness & Mutations

You have a pair of horns on your head.
You reflexively headbutt those who attack you in melee.


Message History

You block the spark wasp zombie's attack.
You hit the spark wasp zombie but do no damage.
The spark wasp zombie is moderately damaged.
You miss the sun demon. You slash the necromancer!
You kill the necromancer!
Trog accepts your kill.
Trog appreciates your killing of a magic user.
You slash the hell beast!
Visions of slaying the hell beast flood into your mind.
You feel sick.
Your deep troll barely misses the sun demon.
Your deep troll claws the sun demon!
The sun demon dies!
Trog accepts your kill. You block the reaper's attack.
Your soul eater hits the spark wasp zombie but does no damage.
Your orange demon stings the spark wasp zombie from afar!
The hell beast bites you!
* * * LOW HITPOINT WARNING * * *
You block the hell beast's attack.
You block the spark wasp zombie's attack.
Your Shields skill increases to level 16!
You are confused.
You feel invigorated.
Visions of slaying the spark wasp zombie flood into your mind.
Your confusion fades away as the thirst for blood takes over your mind.
You feel less invigorated.
You feel very sick.
Your sixfirhy hits the spark wasp zombie but does no damage.
You block the hell beast's attack. The hell beast misses you.
Geryon tail-slaps you from afar!!
* * * LOW HITPOINT WARNING * * *
Your sixfirhy hits the spark wasp zombie!
Your sixfirhy shocks the spark wasp zombie!
You block the spark wasp zombie's attack.
Your soul eater hits the hell beast!!
You block the reaper's attack.
Your orange demon stings the spark wasp zombie from afar.
The ettin zombie misses you. You furiously retaliate!
You headbutt the ettin zombie! The ettin zombie hits you!
You die...

#.....# # .....
# ##. ..... .##
##..##...##..##
#..#.......#..#
.....&..2......
..#...2ZZ...#..
#...T3@3....#
..#..4......#..
.......).......
#..#.......#..#
##..##...##..##
##. ..... .## #
..... # #.....#


You could see Geryon, a hell beast (summoned, ally target), a reaper, an ettin
zombie, a spark wasp zombie (mesmerising, ally target), a friendly soul eater
(summoned), a friendly deep troll (summoned, berserk), a friendly orange demon
(summoned) and a friendly sixfirhy (summoned).

Vanquished Creatures
  Gastronok (D:8)
  Fannar (Lair:3)
  2 boulder beetles
  Harold (D:10)
  A hydra (Lair:3)
  A two-headed ogre (D:10)
  5 death yaks
  Nergalle (Lair:1)
  The ghost of XxsatanxX the Cleaver, a novice MiBe of Trog (D:8)
  Amaemon (Lair:3)
  A sun demon (Hell)
  A sixfirhy (Lair:5)
  A wizard (Lair:5)
  An orb spider (Lair:3)
  A necromancer (Hell)
  2 wolf spiders (Lair:4)
  2 cyclopes
  9 elephants
  4 black mambas
  Joseph (D:10)
  3 gargoyles
  Maggie (D:7)
  4 rime drakes
  9 komodo dragons
  A torpor snail (Lair:5)
  19 cane toads
  An unseen horror (D:11)
  3 ice devils (Lair:5)
  3 trolls
  A harpy zombie (Hell)
  2 polar bears (Lair:2)
  A harpy skeleton (Hell)
  2 hornets (D:10)
  10 blink frogs
  7 dream sheep (Lair:5)
  A centaur simulacrum (Hell)
  Sigmund (D:2)
  40 yaks
  A wraith (D:10)
  A ynoxinul (D:8)
  3 wyverns
  A basilisk (Lair:2)
  A steam dragon (D:8)
  An acid dragon (D:11)
  12 water moccasins
  4 hell hounds (Lair:5)
  3 black bears
  An orc warrior (D:7)
  3 ice beasts
  A sky beast (D:6)
  3 phantoms
  13 wolves
  2 centaurs
  5 kobold brigands
  12 bullfrogs
  A necrophage (D:6)
  A gnoll sergeant (D:9)
  4 scorpions
  4 wights
  15 killer bees
  8 howler monkeys
  An electric eel (Lair:3)
  2 jellies
  A gnoll bouda (D:7)
  10 orc priests
  3 hounds
  Jessica (D:2)
  11 orc wizards
  3 iguanas
  11 hell rats (Lair:2)
  10 gnolls
  6 adders
  4 river rats (Lair:2)
  2 shadow imps
  2 white imps (D:5)
  2 ufetubi (D:5)
  A worm (D:4)
  2 dart slugs
  22 orcs
  4 ball pythons
  3 bats
  6 endoplasms
  A giant cockroach (D:4)
  6 goblins
  5 hobgoblins
  2 jackals (D:4)
  22 kobolds
  4 quokkas
  2 frilled lizards
  13 rats
  2 bushes (Lair:5)
411 creatures vanquished.

Vanquished Creatures (collateral kills)
  A hydra (Lair:4)
  4 death yaks
  A sun demon (Hell)
  6 elephants
  A black mamba (Lair:5)
  3 gargoyles (D:9)
  A cane toad (Lair:5)
  An orange demon (Lair:3)
  3 rime drakes
  A komodo dragon (Lair:2)
  A hellwing (Lair:5)
  3 red devils
  A blink frog (Lair:4)
  Prince Ribbit (D:7)
  2 polar bears
  An ice dragon zombie (Hell)
  A shadow (D:11)
  7 yaks
  2 steam dragons (D:8)
  4 water moccasins
  A black bear (Lair:2)
  4 wolves
  3 bullfrogs (Lair:3)
  A killer bee (D:8)
  3 orc wizards
  2 hell rats (Lair:2)
  2 orcs (D:8)
  3 kobolds (D:7)
  A rat (Lair:2)
  A bush (Lair:5)
66 creatures vanquished.

Vanquished Creatures (others)
  4 bushes (Lair:5)
  21 fungi
  56 plants
  5 toadstools (D:1)
86 creatures vanquished.

Grand Total: 563 creatures vanquished

Notes
Turn   | Place    | Note
-------+----------+-------------------------------------------
     0 | D:1      | videwesjr the Minotaur Berserker began the quest for the
                  | Orb.
     0 | D:1      | Reached XP level 1. HP: 19/19 MP: 0/0
   221 | D:1      | Reached skill level 4 in Axes
   221 | D:1      | Reached XP level 2. HP: 24/27 MP: 1/1
   707 | D:1      | Reached XP level 3. HP: 33/33 MP: 2/2
   923 | D:2      | Noticed Jessica
   932 | D:2      | Reached ** piety under Trog
   937 | D:2      | Killed Jessica
  1051 | D:2      | Reached XP level 4. HP: 41/41 MP: 3/3
  1182 | D:2      | Noticed Sigmund
  1222 | D:2      | Killed Sigmund
  1223 | D:2      | Reached skill level 5 in Fighting
  1223 | D:2      | Reached skill level 5 in Axes
  1223 | D:2      | Reached XP level 5. HP: 6/48 MP: 4/4
  2860 | D:4      | Reached XP level 6. HP: 54/56 MP: 5/5
  2948 | D:4      | Found a runed translucent gate.
  2948 | D:4      | Found a runed translucent gate.
  2948 | D:4      | Found a runed translucent gate.
  2961 | D:4      | Reached skill level 6 in Axes
  3173 | D:4      | Reached skill level 1 in Shields
  3474 | D:5      | Entered Level 5 of the Dungeon
  4058 | D:5      | Noticed an ice beast
  4065 | D:5      | Killed an ice beast
  4066 | D:5      | Reached skill level 5 in Armour
  4066 | D:5      | Reached XP level 7. HP: 46/61 MP: 6/6
  4202 | D:5      | Reached *** piety under Trog
  4453 | D:4      | Found a white marble altar of Elyvilon.
  4838 | D:4      | Noticed safid's ghost (amateur MiHu)
  4935 | D:5      | Reached skill level 7 in Axes
  5161 | D:5      | Reached XP level 8. HP: 63/70 MP: 5/7
  5770 | D:6      | Reached skill level 8 in Axes
  5864 | D:6      | Reached skill level 5 in Shields
  6189 | D:6      | Identified a scroll of acquirement
  6189 | D:6      | Acquired the +14 obsidian axe {vorpal, Mesm Drain Fly SInv}
  6189 | D:6      | Found the +14 obsidian axe {vorpal, Mesm Drain Fly SInv}
  6212 | D:7      | Found a staircase to the Ecumenical Temple.
  6214 | D:7      | Noticed Prince Ribbit
  6220 | D:7      | Reached **** piety under Trog
  6223 | D:7      | Killed Prince Ribbit
  6224 | D:7      | Reached skill level 9 in Axes
  6228 | D:7      | Reached XP level 9. HP: 73/78 MP: 8/8
  6263 | D:7      | Noticed Maggie
  6275 | D:7      | Killed Maggie
  6276 | D:7      | Reached skill level 10 in Axes
  6364 | D:7      | Reached skill level 1 in Stealth
  6695 | D:8      | Reached skill level 11 in Axes
  6709 | D:8      | Found a runed translucent door.
  6710 | D:8      | Noticed XxsatanxX's ghost (novice MiBe)
  6741 | D:8      | Reached ***** piety under Trog
  6835 | D:8      | Killed XxsatanxX's ghost
  6836 | D:8      | Reached skill level 12 in Axes
  6836 | D:8      | Reached XP level 10. HP: 76/86 MP: 9/9
  6923 | D:8      | Noticed Gastronok
  6940 | D:8      | Killed Gastronok
  6941 | D:8      | Reached skill level 13 in Axes
  7232 | D:8      | Found a sparkling altar of Nemelex Xobeh.
  7259 | D:8      | Found a burning altar of Makhleb.
  7702 | D:9      | Noticed a gargoyle
  7704 | D:9      | Killed a gargoyle
  7705 | D:9      | Reached skill level 14 in Axes
  7724 | D:9      | Noticed a gargoyle
  7724 | D:9      | Killed a gargoyle
  7738 | D:9      | Noticed a gargoyle
  7738 | D:9      | Killed a gargoyle
  7739 | D:9      | Reached skill level 5 in Dodging
  7750 | D:9      | Noticed a gargoyle
  7752 | D:9      | Killed a gargoyle
  7757 | D:9      | Noticed a gargoyle
  7759 | D:9      | Killed a gargoyle
  7760 | D:9      | Reached XP level 11. HP: 94/94 MP: 10/10
  7874 | D:9      | Noticed a sun demon
  8482 | D:10     | Entered Level 10 of the Dungeon
  8487 | D:10     | Noticed Joseph
  8489 | D:10     | Identified the +0 dagger of Kefuux {vamp, Str+3}
  8496 | D:10     | Killed Joseph
  8558 | D:10     | Found an iron altar of Okawaru.
  8558 | D:10     | Found a hide-covered altar of Uskayaw.
  8620 | D:10     | Noticed Harold
  8630 | D:10     | Killed Harold
  8753 | D:10     | Noticed a two-headed ogre
  8758 | D:10     | Killed a two-headed ogre
  8759 | D:10     | Reached skill level 15 in Axes
  8829 | D:10     | Paralysed by a hornet for 2 turns
  8837 | D:10     | Reached skill level 1 in Throwing
  9327 | D:10     | Reached skill level 16 in Axes
  9327 | D:10     | Reached XP level 12. HP: 105/105 MP: 11/11
  9363 | D:11     | Noticed a boulder beetle
  9371 | D:11     | Killed a boulder beetle
  9607 | D:11     | Reached skill level 17 in Axes
  9771 | D:11     | Found a staircase to the Lair.
  9962 | Lair:1   | Entered Level 1 of the Lair of Beasts
 10028 | Lair:1   | Identified the +2 pair of gloves "Guschu Goan" {rElec Str-3
                  | Dex+4}
 10064 | Lair:1   | Reached XP level 13. HP: 97/113 MP: 12/12
 10169 | Lair:1   | Noticed Nergalle
 10173 | Lair:1   | Reached skill level 10 in Fighting
 10181 | Lair:1   | Killed Nergalle
 10400 | Lair:1   | Reached skill level 18 in Axes
 11582 | Lair:2   | Found a staircase to the Swamp.
 12010 | Lair:3   | Noticed Amaemon
 12017 | Lair:3   | Killed Amaemon
 12030 | Lair:3   | Noticed Fannar
 12038 | Lair:3   | Killed Fannar
 12094 | Lair:3   | Received a gift from Trog
 12122 | Lair:3   | Found a hole to the Spider Nest.
 12695 | Lair:4   | Reached skill level 5 in Stealth
 12844 | Lair:4   | Reached XP level 14. HP: 124/124 MP: 13/13
 12864 | Lair:4   | Reached ****** piety under Trog
 12868 | Lair:4   | Reached skill level 19 in Axes
 13528 | Lair:5   | Entered Level 5 of the Lair of Beasts
 13962 | Lair:5   | Received a gift from Trog
 13980 | Lair:5   | Reached skill level 15 in Shields
 14131 | Lair:5   | Found a viscous altar of Jiyva.
 14155 | Lair:5   | Found a staircase to the Slime Pits.
 14380 | Lair:5   | Reached skill level 10 in Dodging
 14433 | Lair:5   | Found a burning altar of Makhleb.
 14474 | Lair:5   | Found a gateway to Hell.
 14722 | Hell     | Entered the Vestibule of Hell
 14722 | Hell     | Noticed Geryon
 14726 | Hell     | Noticed a reaper
 14741 | Hell     | Slain by an ettin zombie

Illustrated notes

Levels and vault maps discovered:
D:1:      ldierk_walled_garden, layout_loops_cross
D:2:      layout_rooms, uniq_jessica, uniq_sigmund
D:3:      layout_basic, serial_forest, infiniplex_forest_lined_3,
          infiniplex_forest_fountain, infiniplex_forest_clump_tiny,
          infiniplex_forest_clump_small, infiniplex_forest_clump_long,
          infiniplex_forest_straight_3
D:4:      layout_loops_ring, mainiacjoe_overflow_alcove_1, gammafunk_ghost_icy,
          st_stairs_12
D:5:      layout_gridville, kennysheep_small_circle
D:6:      layout_rooms, hangedman_decor_push
D:7:      layout_rooms, minmay_temple_entry_stoned_glass, uniq_prince_ribbit1,
          uniq_maggie
D:8:      cheibrodos_steamvent, layout_cave_pools,
          mainiacjoe_overflow_two_lobes, hellmonk_ghost_big_iron, uniq_gastronok
D:9:      cheibrodos_statue_roulette, layout_basic
D:10:     layout_roguey, gammafunk_temple_overflow_elements, st_stairs_1,
          kennysheep_kite_vault, uniq_joseph, uniq_harold
D:11:     layout_basic, lair_entry_dummy
Lair:1:   layout_chaotic_city, st_stairs_10, beast_lair_carwin_3,
          lemuel_fruit_tree, uniq_nergalle
Lair:2:   layout_hall_layers, swamp_mist, kennysheep_abandoned_house
Lair:3:   layout_cave_shapes, nicolae_spider_entry_orb_guardian,
          chequers_serial_rivers_large_a, eino_small_chamber_without_monster,
          hangedman_lair_unloving_vines, infiniplex_staircase_pool,
          uniq_amaemon, uniq_fannar
Lair:4:   layout_gridlike, gauntlet_entry_generic,
          nicolae_lair_run_with_the_wolves
Lair:5:   evil_forest, layout_regular_city, dpeg_slime_entry_corner,
          serial_forest, infiniplex_forest_lined_3, infiniplex_forest_corner_1,
          infiniplex_forest_split, infiniplex_forest_clump_medium,
          infiniplex_forest_straight_3, infiniplex_forest_straight_3,
          infiniplex_staircase_pool_2
Hell

Skill      XL: |  1  2  3  4  5  6  7  8  9 10 11 12 13 14 |
---------------+-------------------------------------------+-----
Axes           | 4 5 6 7 9 12 14 16 17 18 19 | 19.7
Fighting       | 4 5 6 7 8 9 11 12 | 12.5
Armour         | 3 4 5 6 7 |  7.2
Dodging        | 3 4 5 6 7 8 10 | 10.2
Shields        | 2 4 5 7 8 11 13 16 | 16.0
Stealth        | 1 3 5 |  5.7
Throwing       | 1 |  1.0

Action                   |  1- 3 |  4- 6 |  7- 9 | 10-12 | 13-15 || total
-------------------------+-------+-------+-------+-------+-------++-------
Melee: Hand axe          |    57 |   103 |   122 |       |       ||   282
       Headbutt          |     6 |    12 |    22 |    28 |    63 ||   131
       Broad axe         |       |       |    52 |   188 |   341 ||   581
Throw: Dart              |       |       |       |     6 |     3 ||     9
Invok: Trog's Hand       |       |     1 |     1 |       |     2 ||     4
       Brothers in Arms  |       |       |       |       |     2 ||     2
Evoke: Wand              |       |       |       |       |     1 ||     1
  Use: Scroll            |       |    13 |     5 |     9 |     3 ||    30
       Potion            |       |       |       |     1 |     1 ||     2
 Stab: Distracted        |       |       |     1 |       |     7 ||     8
       Sleeping          |       |       |       |     3 |     6 ||     9
Armor: Scale mail        |    22 |    55 |    47 |       |    17 ||   141
       Steam dragon scal |       |       |     5 |    30 |    21 ||    56
Dodge: Dodged            |    26 |    24 |    44 |    45 |   116 ||   255
Block: Tower shield      |       |    46 |   105 |   150 |   306 ||   607
